 Dungeon Sprint DCSS version 0.26-a0-664-gc8b27b8fc1 (webtiles) character file.

Game seed: 11074005430936887889

76 Conn the Magician (level 4, -1/27 HPs)
             Began as an Octopode Hedge Wizard on Oct 13, 2020.
             Was a Follower of Sif Muna.
             Slain by a spriggan
             ... wielding a +2 rapier of venom
              (14 damage)
             ... in the Dungeon (Sprint IV: "Fedhas' Mad Dash").
             The game lasted 00:09:50 (1493 turns).

Conn the Magician (Octopode Hedge Wizard)           Turns: 1493, Time: 00:09:50

Health: -1/27      AC:  1    Str:  9    XL:     4   Next: 32%
Magic:  0/12       EV: 13    Int: 17    God:    Sif Muna [*.....]
Gold:   30         SH:  0    Dex: 11    Spells: 8/15 levels left

rFire    . . .     SeeInvis .   a - +0 dagger
rCold    . . .     Faith    .   (no shield)
rNeg     . . .     Spirit   .   b - +0 hat
rPois    .         Reflect  .   h - amulet of invisibility {+Inv}
rElec    .         Harm     .   (no ring)
rCorr    .         Rampage  .   (no ring)
MR       .....     NoTele   +   (no ring)
Stlth    +++.......             (no ring)
HPRegen  0.09/turn              (no ring)
MPRegen  0.13/turn              (no ring)
                                (no ring)
                                (no ring)

@: very slightly contaminated
A: almost no armour, stealthy swim, amphibious, 8 rings, constrict 8, camouflage
1, gelatinous body 1
a: Channel Magic, Renounce Religion, Evoke Invisibility


You were in the Dungeon.
You worshipped Sif Muna.
Sif Muna was aware of your devotion.
You visited 1 branch You collected 30 gold pieces.

Inventory:

Hand Weapons
 a - a +0 dagger (weapon)
Missiles
 c - 34 stones (quivered)
Armour
 b - a +0 hat (worn)
Jewellery
 h - the amulet of invisibility (around mantle) {+Inv}
   (You found it in the Dungeon)

   [amulet of nothing]

   It lets you turn invisible.
Scrolls
 i - a scroll of blinking
Potions
 e - a potion of heal wounds
 f - a potion of flight {unknown}
 g - 2 potions of magic


   Skills:
 + Level 0.1 Fighting
 + Level 2.7 Dodging
 + Level 3.5 Stealth
 + Level 6.1 Spellcasting
 + Level 1.9 Conjurations
 + Level 2.8 Summonings
 + Level 1.5 Translocations
 * Level 1.6 Invocations
 + Level 2.6 Evocations


You had 8 spell levels left.
You knew the following spells:

 Your Spells              Type           Power        Failure   Level
a - Magic Dart            Conj           ##..         6%          1
b - Blink                 Tloc           N/A          10%         2
c - Call Imp              Summ           ##......     6%          2
d - Slow                  Hex            #.......     19%         2

Your spell library contained the following spells:

 Spells                   Type           Power        Failure   Level
 Conjure Flame            Conj/Fire      #.......     26%         3
 Mephitic Cloud           Conj/Pois/Air  #.......     28%         3


Dungeon Overview and Level Annotations

Branches:
Dungeon (1/1)

Altars:
Cheibriados
Dithmenos
Elyvilon
Gozag
Hepliaklqana
Kikubaaqudgha
Makhleb
Nemelex Xobeh
Okawaru
Qazlal
Ru
Sif Muna
Trog
Uskayaw
Vehumet
Wu Jian
Xom
Yredelemnul
Zin
The Shining One
Beogh
Jiyva
Lugonu

Annotations:
D exclusion: 2 oklob saplings


Innate Abilities, Weirdness & Mutations

You cannot wear most types of armour.
You are very stealthy in the water. (Stealth+)
You are amphibious.
You can wear up to eight rings at the same time.
You can use your tentacles to constrict eight enemies at once.
Your skin changes colour to match your surroundings (Stealth+).
Your rubbery body absorbs attacks. (AC +1, EV +1)


Message History

t - Shout!
Orders for allies: a - Attack new target. r - Retreat! s - Stop attacking. g - Guard the area. f - Follow me.
Anything else - Cancel.
Guard this area!
The scorpion stings your white imp!
Your white imp dies!
Unknown command.
Press < or > to pray at altars.
Casting: Call Imp (safe; 6% risk of failure)
Confirm with . or Enter, or press ? or * to list all spells.
You don't have enough magic to cast that spell.
There is an open door here.
Casting: Call Imp (safe; 6% risk of failure)
Confirm with . or Enter, or press ? or * to list all spells.
A beastly little devil appears in a puff of frigid air.
Okay, then.
The spriggan hits you with a +2 rapier of venom!
Ouch! That really hurt!
You die...

###############################
#<..P#.....#.$@i.#.⌠._._._._.⌠.
#PP..'.....'.#...'.._._._._._i.
#PPP.#.....#P#...#5.._._._._...
###############+##.._._._._._..
...#._._._._._.⌠.
#$P$############## #####


You could see a spriggan and a friendly white imp (summoned).

Vanquished Creatures
  A river rat (D)
  A rat (D)
2 creatures vanquished.

Vanquished Creatures (collateral kills)
  2 oklob saplings (D)
  A worker ant (D)
  A spriggan (D)
4 creatures vanquished.

Vanquished Creatures (others)
  A fungus (D)
1 creature vanquished.

Grand Total: 7 creatures vanquished

Notes
Turn   | Place    | Note
-------+----------+-------------------------------------------
     0 | D        | Conn the Octopode Hedge Wizard began the quest for the Orb.
     0 | D        | Reached XP level 1. HP: 11/11 MP: 4/4
    16 | D        | Reached skill level 4 in Spellcasting
    16 | D        | Reached XP level 2. HP: 10/17 MP: 0/7
   229 | D        | Noticed an oklob sapling
   232 | D        | Found the amulet of invisibility {+Inv}
   236 | D        | Learned a level 2 spell: Blink
   419 | D        | Learned a level 2 spell: Call Imp
   422 | D        | Learned a level 2 spell: Slow
   435 | D        | Reached skill level 5 in Spellcasting
  1044 | D        | Noticed an oklob sapling
  1047 | D        | Found an opulent altar of Gozag.
  1047 | D        | Found a hazy altar of Hepliaklqana.
  1047 | D        | Found a burning altar of Makhleb.
  1047 | D        | Found a roughly hewn altar of Beogh.
  1047 | D        | Found a sparkling altar of Nemelex Xobeh.
  1047 | D        | Found a snail-covered altar of Cheibriados.
  1047 | D        | Found a sacrificial altar of Ru.
  1047 | D        | Found a shimmering blue altar of Sif Muna.
  1047 | D        | Found a shimmering altar of Xom.
  1047 | D        | Found a basalt altar of Yredelemnul.
  1048 | D        | Found a viscous altar of Jiyva.
  1048 | D        | Found a bloodstained altar of Trog.
  1048 | D        | Found an ornate altar of the Wu Jian Council.
  1048 | D        | Noticed an oklob sapling priest
  1288 | D        | Found an iron altar of Okawaru.
  1288 | D        | Found a glowing silver altar of Zin.
  1288 | D        | Found a shadowy altar of Dithmenos.
  1289 | D        | Found a hide-covered altar of Uskayaw.
  1289 | D        | Found an ancient bone altar of Kikubaaqudgha.
  1290 | D        | Found a glowing golden altar of the Shining One.
  1290 | D        | Found a stormy altar of Qazlal.
  1290 | D        | Found a white marble altar of Elyvilon.
  1291 | D        | Found a radiant altar of Vehumet.
  1291 | D        | Found a corrupted altar of Lugonu.
  1293 | D        | Became a worshipper of Sif Muna the Loreminder
  1352 | D        | Killed an oklob sapling priest
  1352 | D        | Reached skill level 1 in Evocations
  1352 | D        | Reached XP level 3. HP: 21/21 MP: 1/10
  1444 | D        | Noticed an oklob sapling wizard
  1452 | D        | Killed an oklob sapling wizard
  1452 | D        | Reached skill level 6 in Spellcasting
  1452 | D        | Reached skill level 1 in Invocations
  1452 | D        | Reached XP level 4. HP: 27/27 MP: 6/12
  1465 | D        | Reached * piety under Sif Muna
  1476 | D        | HP: 1/27 [poisoned by a spriggan]
  1493 | D        | Slain by a spriggan

Illustrated notes

Levels and vault maps discovered:
D:        dungeon_sprint_fedhas [sprint_temple]

Skill      XL: |  1  2  3 |
---------------+----------+-----
Stealth        | 3 |  3.5
Spellcasting   | 4 5 6 |  6.1
Summonings     | 2 |  2.8
Evocations     | 1 2 |  2.6
Invocations    | 1 |  1.6
Fighting       | |  0.1
Dodging        | |  2.7
Conjurations   | |  1.9
Translocations | |  1.5

Action                   |  1- 3 |  4- 6 || total
-------------------------+-------+-------++-------
Melee: Dagger            |     8 |     2 ||    10
       Tentacles         |     2 |       ||     2
       Constrict         |     1 |       ||     1
 Cast: Magic Dart        |    27 |     1 ||    28
       Call Imp          |    25 |     4 ||    29
       Blink             |     5 |       ||     5
 Abil: Evoke Invisibilit |     6 |       ||     6
  Use: Potion            |     2 |     1 ||     3
Dodge: Dodged            |     9 |     1 ||    10

Table legend: (Time is in decaauts)
 A = Elapsed time spent in this place.
 B = Non-inter-level travel time spent in this place.
 C = Inter-level travel time spent in this place.
 D = Time resting spent in this place.
 E = Time spent auto-exploring this place.
 F = Levels seen in this place.
 G = Mean time per level.
                   A        B        C        D        E       F      G
               +--------+--------+--------+--------+--------+-----+--------+
         Total |   1494 |   1494 |      0 |   1107 |      0 |   1 | 1494.0 |
       Dungeon |   1494 |   1494 |      0 |   1107 |      0 |   1 | 1494.0 |
               +--------+--------+--------+--------+--------+-----+--------+

Top non-repeatable levels by time:
       D: 1494 daAuts
